 Dungeon Crawl Stone Soup version 0.19-a0-739-gf2af308 (webtiles) character file.

714 Musica the Spear-Bearer (level 7, -1/57 HPs)
             Began as a Merfolk Gladiator on June 23, 2016.
             Was an Initiate of Uskayaw.
             Slain by a slave (8 damage)
             ... led by Pikel
             ... on level 3 of the Dungeon.
             The game lasted 00:14:34 (4099 turns).

Musica the Spear-Bearer (Merfolk Gladiator)         Turns: 4099, Time: 00:14:34

Health: -1/57      AC:  6    Str: 15    XL:     7   Next: 69%
Magic:  7/7        EV: 14    Int:  8    God:    Uskayaw [......]
Gold:   321        SH:  0    Dex: 16    Spells: 0 memorised, 6 levels left

rFire  . . .     SeeInvis .     a - +1 trident
rCold  . . .     Gourm    .     b - +0 leather armour
rNeg   . . .     Faith    .     (no shield)
rPois  .         Spirit   .     c - +0 helmet
rElec  .         Dismiss  .     o - +1 cloak
rCorr  .         Reflect  .     (no gloves)
SustAt .         Harm     .     (no boots)
MR     .....                    (no amulet)
Stlth  +.........               (no ring)
                                (no ring)

@: not resistant to hostile enchantments, very unstealthy
A: change form in water, swift swim
a: Renounce Religion


You were on level 3 of the Dungeon.
You worshipped Uskayaw.
Uskayaw was noncommittal.
You were not hungry.

You visited 2 branches of the dungeon, and saw 5 of its levels.

You collected 321 gold pieces.

Inventory:

Hand Weapons
 a - a +1 trident (weapon)
 d - a +2 quarterstaff of chaos
 n - a +1 war axe of chopping
Armour
 b - a +0 leather armour (worn)
 c - a +0 helmet (worn)
 o - a +1 cloak (worn)
Jewellery
 l - an uncursed ring of protection from fire
Scrolls
 e - 4 scrolls of identify
 i - a scroll of enchant armour
Comestibles
 f - 2 bread rations
 g - 4 fruits
 h - a chunk of flesh


   Skills:
 + Level 5.8 Fighting
 + Level 10.2 Polearms
 - Level 2.0 Throwing
 - Level 4.0 Dodging


You had 6 spell levels left.
You didn't know any spells.

Dungeon Overview and Level Annotations

Branches:
Dungeon (4/15)             Temple (1/1) D:4

Altars:
Ashenzari
Cheibriados
Dithmenos
Elyvilon
Fedhas
Gozag
Hepliaklqana
Kikubaaqudgha
Makhleb
Nemelex Xobeh
Pakellas
Ru
Sif Muna
Trog
Uskayaw
Vehumet
Xom
Yredelemnul
Zin
The Shining One

Shops:
D:4 *

Annotations:
D:4 Pikel


Message History

You see here a leather armour.
As you read the scroll labeled PEF ONKUUQOTU, it crumbles to dust.
You assume a fearsome visage.
The slave looks frightened!
It was a scroll of fear.
Things that are here:
a hand axe; a leather armour; a dagger You start resting.
The slave hits you!
* * * LOW HITPOINT WARNING * * *
There is an open door here.
You are too injured to fight recklessly!
You hit the slave.
The slave is moderately wounded.
You closely miss the slave.
The slave is moderately wounded.
The slave misses you.
You hit the slave.
The slave is moderately wounded.
The slave hits you!
You die...

#...# #.... #...# #.... #...#
#.... #...# #.... #...# #####
#.... #...# #...###########
#.... #...# #...##........#
#.... #...#
##...##........####.... ##...##
#....p@................ #.....#
#....##........########
#.....####....######........(...
#.#...........# #............
#.#.#.####)#########............
#...#...........................
##########......................
#.............#.#....[.......
#.............#.#............


You could see a slave.

Vanquished Creatures
  Grinder (D:3)
  An ogre (D:4)
  A scorpion (D:4)
  2 orc wizards (Temple)
  A hound (D:4)
  Crazy Yiuf (D:4)
  3 orc priests (D:4)
  Robin (D:2)
  5 gnolls
  A howler monkey skeleton (D:3)
  2 adders
  An adder skeleton (D:4)
  2 worms (D:3)
  3 giant geckos
  7 orcs
  2 ball pythons
  5 bats
  2 giant cockroaches (D:4)
  14 goblins
  8 hobgoblins
  3 quokkas
  2 giant newts
  8 kobolds
  6 rats
82 creatures vanquished.

Notes
Turn   | Place    | Note
--------------------------------------------------------------
     0 | D:1      | Musica the Merfolk Gladiator began the quest for the Orb.
     0 | D:1      | Reached XP level 1. HP: 16/16 MP: 1/1
    51 | D:1      | You fall through a shaft!
    51 | D:2      | Found a white marble altar of Elyvilon.
   161 | D:2      | Noticed Robin
   169 | D:2      | Reached XP level 2. HP: 23/23 MP: 2/2
   173 | D:2      | Killed Robin
   173 | D:2      | Reached skill level 5 in Polearms
   195 | D:2      | Reached XP level 3. HP: 17/28 MP: 3/3
   226 | D:1      | Reached skill level 6 in Polearms
   646 | D:1      | Reached XP level 4. HP: 34/34 MP: 4/4
  1520 | D:3      | Reached skill level 7 in Polearms
  1660 | D:3      | Noticed Grinder
  1675 | D:3      | Killed Grinder
  1675 | D:3      | Reached skill level 8 in Polearms
  1675 | D:3      | Reached XP level 5. HP: 43/43 MP: 5/5
  1675 | D:3      | Reached XP level 6. HP: 49/49 MP: 6/6
  1745 | D:3      | Found a hazy altar of Hepliaklqana.
  1899 | D:4      | Found a sparkling altar of Nemelex Xobeh.
  1913 | D:3      | Found a blossoming altar of Fedhas.
  2791 | D:4      | Noticed a slave
  2889 | D:4      | Noticed Crazy Yiuf
  2895 | D:4      | Killed Crazy Yiuf
  2895 | D:4      | Reached skill level 9 in Polearms
  2917 | D:4      | Found a shimmering altar of Xom.
  2975 | D:4      | Noticed a slave
  3013 | D:4      | Found Edghusu's General Store.
  3020 | D:4      | Reached skill level 5 in Fighting
  3020 | D:4      | Reached XP level 7. HP: 52/56 MP: 7/7
  3039 | D:4      | Found a staircase to the Ecumenical Temple.
  3057 | Temple   | Entered the Ecumenical Temple
  3158 | Temple   | Became a worshipper of Uskayaw the Reveler
  3418 | Temple   | Reached * piety under Uskayaw
  3422 | Temple   | Reached ** piety under Uskayaw
  3725 | D:4      | Reached *** piety under Uskayaw
  3972 | D:4      | Reached skill level 10 in Polearms
  3983 | D:4      | Noticed Pikel
  4025 | D:4      | HP: 1/57 [slave[Pikel] (6)]
  4099 | D:3      | Slain by a slave

Vault maps used:
D:1:      dpeg_arrival_boxorama, serial_curves, eino_curves_01, eino_curves_03
D:2:      elyvilon_altar_5, uniq_robin
D:3:      nicolae_overflow_hidden_temple, first_bread, fedhas_altar_2,
          uniq_grinder
D:4:      grunt_temple_overflow_open, serial_shops,
          nicolae_shop_window_shopping, uniq_crazy_yiuf_cottage, uniq_pikel
Temple:   eino_temple_scatter_basement

Skill      XL: |  1  2  3  4  5  6  7 |
---------------+----------------------+-----
Polearms       | 5 6 8 9 10 | 10.2
Fighting       | 4 5 |  5.8
Throwing       | |  2.0
Dodging        | |  4.0

Action                   |  1- 3 |  4- 6 |  7- 9 || total
-------------------------+-------+-------+-------++-------
Melee: Trident           |    93 |   154 |    74 ||   321
Throw: Throwing net      |       |     6 |       ||     6
Invok: Stomp             |       |       |     1 ||     1
  Use: Potion            |     2 |       |     1 ||     3
       Scroll            |       |     6 |     4 ||    10
 Stab: Sleeping          |     2 |     2 |       ||     4
       Invisible         |     3 |       |       ||     3
       Held in net/web   |       |     5 |       ||     5
       Paralysed         |       |       |     1 ||     1
  Eat: Chunk             |       |     6 |     3 ||     9
       Beef jerky        |       |       |     1 ||     1
Armor: Leather armour    |     8 |    17 |    15 ||    40
Dodge: Dodged            |    45 |    69 |    50 ||   164
